 Dungeon Crawl Stone Soup version 0.25-a0-1133-g93ebf739aa (webtiles) character file.

Game seed: 1174891092702328102, levelgen mode: deterministic

47064 Flugslaktarn the Severer (level 14, 0/132 HPs)
             Began as a Deep Dwarf Fighter on May 20, 2020.
             Was the Champion of Makhleb.
             Slain by a chaos spawn (4 damage)
             ... on level 3 of the Abyss.
             The game lasted 00:08:50 (11122 turns).

Flugslaktarn the Severer (Deep Dwarf Fighter)      Turns: 11122, Time: 00:08:51

Health: 0/132      AC: 20    Str: 24    XL:     14   Next: 7%
Magic:  0/0        EV:  6    Int: 10    God:    Makhleb [******]
Gold:   1004       SH: 13    Dex:  8    Spells: 13/13 levels left

rFire    + . .     SeeInvis .   a - +1 war axe
rCold    x . .     Gourm    .   c - +1 kite shield
rNeg     + + .     Faith    +   G - +0 plate armour
rPois    .         Spirit   .   f - +2 helmet
rElec    .         Reflect  .   F - +2 cloak
rCorr    .         Harm     .   o - +2 pair of gloves
MR       ++...     Rnd*Rage +   (no boots)
Stlth    ..........             D - amulet of faith
HPRegen  0.00/turn              C - ring of positive energy
MPRegen  0.07/turn              B - ring of fire

@: mighty, berserk cooldown, non-regenerating, hasted and slowed, drained
A: damage resistance, heal wounds, berserk 1, [clumsy 2], deformed body, [low mp
2], negative energy resistance 1, sense surroundings 2, no regeneration
a: Heal Wounds, Minor Destruction, Lesser Servant of Makhleb, Major Destruction,
Greater Servant of Makhleb, Renounce Religion


You were on level 3 of the Abyss.
You worshipped Makhleb.
Makhleb was exalted by your worship.
You were not hungry.

You visited 3 branches of the dungeon, and saw 20 of its levels.
You visited the Abyss 1 time.

You collected 1004 gold pieces.

Inventory:

Hand Weapons
 a - a +1 war axe (weapon)
Missiles
 A - a throwing net (quivered)
Armour
 c - a +1 kite shield (worn)
 f - a +2 helmet (worn)
   (You found it on level 4 of the Dungeon)
 o - a +2 pair of gloves (worn)
   (You found it on level 10 of the Dungeon)
 F - a +2 cloak (worn)
   (You found it on level 5 of the Dungeon)
 G - a +0 plate armour (worn)
   (You took it off an orc warrior on level 9 of the Dungeon)
Jewellery
 B - a ring of fire (right hand)
   (You took it off a gnoll sergeant on level 7 of the Dungeon)
 C - a ring of positive energy (left hand)
   (You found it on level 8 of the Dungeon)
 D - an amulet of faith (around neck)
   (You found it on level 8 of the Dungeon)
 J - an uncursed ring of flight
   (You found it on level 4 of the Lair of Beasts)
Wands
 k - a wand of clouds (4)
   (You found it on level 12 of the Dungeon)
 l - a wand of enslavement (7)
   (You found it on level 7 of the Dungeon)
 y - a wand of acid (2)
   (You took it off a gnoll sergeant on level 7 of the Dungeon)
 L - a wand of paralysis (8)
   (You found it on level 7 of the Dungeon)
 N - a wand of iceblast (10)
   (You found it on level 13 of the Dungeon)
Scrolls
 g - 6 scrolls of enchant weapon
 r - 2 scrolls of identify
 s - 4 scrolls of enchant armour
 t - 4 scrolls of teleportation
 u - a scroll of magic mapping
 x - 6 scrolls of remove curse
 z - a scroll of blinking
 H - 2 scrolls of immolation
 K - a scroll of vulnerability
Potions
 b - 3 potions of flight
 h - a potion of haste
 i - a potion of magic
 j - 3 potions of lignification
 m - 5 potions of brilliance
 n - 2 potions of stabbing
 p - 3 potions of cancellation
 v - a potion of degeneration
 E - 2 potions of mutation
 I - a potion of berserk rage
Comestibles
 e - 22 rations


   Skills:
 + Level 10.1(9.3) Fighting
 * Level 15.5(14.6) Axes
 + Level 11.7(10.8) Armour
 + Level 11.6(10.8) Shields
 + Level 11.5(10.7) Invocations


You had 13 spell levels left.
You didn't know any spells.
Your spell library was empty.

Dungeon Overview and Level Annotations

Branches:
Dungeon (15/15)            Temple (1/1) D:7            Lair (4/6) D:11
  Swamp (0/4) Lair:2       Spider (0/4) Lair:4          Orc (0/2) D:9
 Depths (0/5) D:15
 Vaults: D:13-14

Altars:
Ashenzari
Cheibriados
Elyvilon
Hepliaklqana
Kikubaaqudgha
Makhleb
Nemelex Xobeh
Okawaru
Qazlal
Ru
Sif Muna
Trog
Uskayaw
Vehumet
Xom
Yredelemnul
Zin

Shops:
D:5 }   D:9 %

Annotations:
D:9 1 runed translucent door, Flugslaktarn's ghost, novice DDFi
D:15 Louise


Innate Abilities, Weirdness & Mutations

You are resistant to damage.
You can heal yourself by infusing magical energy.
You resist negative energy. (rN+)
You passively map the area around you.
You do not regenerate.
You tend to lose your temper in combat.
Armour fits poorly on your strangely shaped body.
[You are very clumsy. (Dex -4)]
[Your magical capacity is very low. (-20% MP)]


Message History

The large abomination is moderately damaged.
You hit the chaos spawn.
You hit the wretched star but do no damage.
The large abomination hits you but does no damage.
The chaos spawn hits you but does no damage.
You feel yourself speed up.
The wretched star pulses with an eldritch light!
You feel less energetic. x2
You block the chaos spawn's attack. The large abomination hits you!!
* * * LOW HITPOINT WARNING * * *
You feel very mighty all of a sudden. The chaos spawn gores you!
* * * LOW HITPOINT WARNING * * *
The large abomination barely misses you.
You slash the chaos spawn!
The chaos spawn is severely wounded.
You slash the wretched star! You hit the large abomination.
A tentacled starspawn comes into view.
The chaos spawn gores you.
You die...

... °○○#.#. .# . #
..#...#...# # .
...#........## .#.
.(.....)....#.#
.... . ...####.#
####.# ...## . # #
#.......##...... .
#.##...#..#.?.....!
. .
...........##+## .
. ........X@*......
...
#####.#.#.4......
#.#......#...
............. .
........#....
.#.#..##X#..
...#..... . .
.###...... .


You could see a tentacled starspawn (wandering), a wretched star, a large
abomination and a chaos spawn.

Vanquished Creatures
  A fire giant (D:15)
  A green draconian (Abyss:3)
  Azrael (D:15)
  A rakshasa (D:15)
  An ogre mage (D:15)
  10 two-headed ogres
  Erica (Lair:2)
  A tengu warrior (D:15)
  A death yak (Lair:4)
  Sonja (Lair:3)
  An unseen horror (D:15)
  A manticore (D:15)
  A shining eye (Abyss:3)
  8 ugly things (D:15)
  A torpor snail (Lair:4)
  A gargoyle (D:15)
  4 spiny frogs
  A rime drake (Lair:4)
  A centaur skeleton (D:15)
  6 komodo dragons
  A large abomination (Abyss:3)
  2 trolls
  A polar bear (Lair:3)
  12 blink frogs
  6 hippogriffs
  2 redbacks (Lair:4)
  3 wraiths (D:15)
  A water elemental (D:11)
  3 hungry ghosts
  A fire elemental (D:15)
  17 yaks
  A basilisk (Lair:2)
  5 vampire mosquitoes (D:15)
  A two-headed ogre zombie (D:9)
  An acid dragon (D:15)
  5 insubstantial wisps (Lair:2)
  2 soldier ants
  4 water moccasins
  4 hell hounds (D:15)
  4 porcupines
  Duvessa (D:7)
  4 sky beasts
  2 orc warriors
  A black bear (D:7)
  2 necrophages
  9 ogres
  An eye of draining (D:14)
  4 phantoms
  4 wolves (D:11)
  8 centaurs
  6 crocodiles
  4 big kobolds
  14 bullfrogs
  A gnoll sergeant (D:7)
  Dowan (D:7)
  A troll zombie (D:9)
  4 scorpions
  22 killer bees
  4 wights (D:14)
  3 electric eels
  9 howler monkeys
  A bullfrog zombie (D:9)
  3 crimson imps
  3 quasits
  3 jellies
  10 hounds
  5 orc priests
  7 orc wizards
  5 bullfrog skeletons
  An iguana (D:5)
  6 worker ants
  6 ogre zombies (D:9)
  A hound zombie (D:5)
  2 hound skeletons
  11 gnolls
  17 adders
  A river rat (D:6)
  3 shadow imps
  An ooze (D:2)
  An adder skeleton (D:7)
  3 worms
  4 dart slugs
  3 leopard geckos
  28 orcs
  4 giant cockroaches
  5 jackals
  16 kobolds
  2 quokkas
  A ball python (D:6)
  3 bats
  2 frilled lizards
  A goblin zombie (D:9)
  2 hobgoblin skeletons (D:9)
  A hobgoblin zombie (D:9)
  An orc skeleton (D:9)
  20 orc zombies (D:9)
  A quokka skeleton (D:9)
  5 rats
  3 fungi (Lair:2)
  A plant (Lair:4)
418 creatures vanquished.

Vanquished Creatures (collateral kills)
  Jorgrun (D:15)
  Josephine (D:15)
  3 hydras
  A death yak (Lair:4)
  2 tengu warriors (D:15)
  3 ugly things (D:15)
  A spiny frog (Lair:4)
  2 komodo dragons
  A wraith (D:15)
  A sky beast (D:15)
  2 crocodiles
  2 bullfrogs (Lair:4)
  A plant (Lair:3)
21 creatures vanquished.

Vanquished Creatures (others)
  A troll (D:11)
  A killer bee (D:11)
  A hound (D:11)
  2 withered plants (D:9)
5 creatures vanquished.

Grand Total: 444 creatures vanquished

Notes
Turn   | Place    | Note
-------+----------+-------------------------------------------
     0 | D:1      | Flugslaktarn the Deep Dwarf Fighter began the quest for the
                  | Orb.
     0 | D:1      | Reached XP level 1. HP: 20/20 MP: 1/1
    61 | D:1      | Reached XP level 2. HP: 24/27 MP: 2/2
   132 | D:2      | Reached skill level 3 in Axes
   133 | D:2      | Reached XP level 3. HP: 19/33 MP: 3/3
   321 | D:4      | Reached XP level 4. HP: 37/42 MP: 4/4
   362 | D:4      | Identified the +5 flail of Sel Akhlu {venom, *Slow rF+
                  | Dex+4}
   423 | D:4      | Reached skill level 4 in Axes
   423 | D:4      | Reached XP level 5. HP: 39/49 MP: 5/5
   745 | D:4      | Noticed an ogre
   753 | D:4      | Killed an ogre
   753 | D:4      | Reached XP level 6. HP: 25/56 MP: 5/5
   997 | D:5      | Entered Level 5 of the Dungeon
  1021 | D:5      | You fall into a shaft and drop 2 floors!
  1068 | D:7      | Noticed a hungry ghost
  1069 | D:7      | Reached skill level 5 in Axes
  1093 | D:7      | Killed a hungry ghost
  1093 | D:7      | Reached skill level 5 in Armour
  1093 | D:7      | Reached skill level 5 in Shields
  1093 | D:7      | Reached XP level 7. HP: 26/64 MP: 6/6
  1240 | D:5      | Reached skill level 6 in Axes
  1642 | D:5      | Reached XP level 8. HP: 45/73 MP: 5/5
  1693 | D:5      | Reached skill level 7 in Axes
  1778 | D:5      | Found Gokutt's Gadget Emporium.
  2210 | D:6      | Reached skill level 5 in Fighting
  3024 | D:7      | Noticed Duvessa
  3024 | D:7      | Noticed Dowan
  3042 | D:7      | Killed Dowan
  3042 | D:7      | Reached skill level 8 in Axes
  3056 | D:7      | Killed Duvessa
  3142 | D:7      | Gained mutation: You passively map the area around you.
                  | [Deep Dwarf growth]
  3142 | D:7      | Reached XP level 9. HP: 60/81 MP: 4/4
  3374 | D:7      | Found a staircase to the Ecumenical Temple.
  3462 | Temple   | Entered the Ecumenical Temple
  3493 | Temple   | Became a worshipper of Makhleb the Destroyer
  3653 | D:8      | Reached skill level 1 in Invocations
  3717 | D:8      | Reached skill level 9 in Axes
  3803 | D:8      | Noticed a two-headed ogre
  3817 | D:8      | Killed a two-headed ogre
  3903 | D:8      | Reached * piety under Makhleb
  4472 | D:9      | Found Kolam's Food Boutique.
  4521 | D:9      | Found a runed translucent door.
  4522 | D:9      | Noticed Flugslaktarn's ghost (novice DDFi)
  4562 | D:9      | Found a staircase to the Orcish Mines.
  4578 | D:9      | Reached skill level 10 in Axes
  4578 | D:9      | Reached XP level 10. HP: 92/92 MP: 5/5
  4584 | D:9      | Reached ** piety under Makhleb
  4878 | D:9      | Reached *** piety under Makhleb
  5005 | D:9      | Reached skill level 5 in Invocations
  5318 | D:10     | Entered Level 10 of the Dungeon
  5585 | D:10     | Reached skill level 11 in Axes
  5596 | D:10     | Reached **** piety under Makhleb
  6145 | D:11     | Found a staircase to the Lair.
  6166 | D:11     | Reached XP level 11. HP: 94/100 MP: 4/4
  6266 | D:11     | Reached ***** piety under Makhleb
  6349 | D:11     | Found a snail-covered altar of Cheibriados.
  6482 | D:11     | Noticed a two-headed ogre
  6501 | D:11     | Killed a two-headed ogre
  6536 | D:11     | Noticed a two-headed ogre
  6557 | D:11     | Killed a two-headed ogre
  6557 | D:11     | Reached skill level 12 in Axes
  7160 | Lair:1   | Entered Level 1 of the Lair of Beasts
  7525 | Lair:2   | Found a staircase to the Swamp.
  7556 | Lair:2   | Reached XP level 12. HP: 111/111 MP: 5/5
  7658 | Lair:2   | Noticed Erica
  7672 | Lair:2   | Killed Erica
  7751 | Lair:2   | Reached skill level 13 in Axes
  7777 | Lair:2   | Noticed a six-headed hydra
  7799 | Lair:2   | Killed a 14-headed hydra
  7873 | Lair:2   | Noticed a seven-headed hydra
  7917 | Lair:2   | Killed a 14-headed hydra
  7917 | Lair:2   | Reached skill level 10 in Armour
  8070 | Lair:2   | Reached skill level 10 in Shields
  8403 | Lair:3   | Noticed an eight-headed hydra
  8434 | Lair:3   | Killed a 13-headed hydra
  8475 | Lair:3   | Noticed Sonja
  8477 | Lair:3   | Killed Sonja
  9171 | Lair:4   | Noticed a death yak
  9183 | Lair:4   | Noticed a death yak
  9216 | Lair:4   | Killed a death yak
  9219 | Lair:4   | Killed a death yak
  9293 | Lair:4   | Found a hole to the Spider Nest.
  9481 | Lair:4   | Reached skill level 14 in Axes
  9534 | Lair:4   | Found a shimmering altar of Xom.
 10085 | D:12     | You fall into a shaft and drop 1 floor!
 10176 | D:14     | Noticed a two-headed ogre
 10187 | D:14     | Killed a two-headed ogre
 10187 | D:14     | Reached skill level 10 in Invocations
 10217 | D:14     | Reached XP level 13. HP: 118/121 MP: 0/5
 10247 | D:15     | Entered Level 15 of the Dungeon
 10294 | D:15     | Noticed Josephine
 10355 | D:15     | Identified the -3 tower shield of Dawn {MR+ Int+3 Slay+3}
 10355 | D:15     | Noticed Louise
 10368 | D:15     | Noticed Jorgrun
 10415 | D:15     | Killed Josephine
 10464 | D:15     | Killed Jorgrun
 10608 | D:15     | Found a staircase to the Depths.
 10610 | D:15     | Noticed a fire giant
 10610 | D:15     | Noticed Azrael
 10668 | D:15     | Killed Azrael
 10788 | D:15     | Killed a fire giant
 10788 | D:15     | Reached skill level 15 in Axes
 10975 | D:15     | Reached skill level 10 in Fighting
 11005 | D:15     | Gained mutation: You resist negative energy. (rN+) [Deep
                  | Dwarf growth]
 11005 | D:15     | Reached XP level 14. HP: 79/132 MP: 2/2
 11026 | D:15     | Cast into level 3 of the Abyss (Louise)
 11061 | Abyss:3  | Gained mutation: You tend to lose your temper in combat. [a
                  | shining eye]
 11079 | Abyss:3  | Gained mutation: Armour fits poorly on your strangely
                  | shaped body. [a shining eye]
 11106 | Abyss:3  | Reached ****** piety under Makhleb
 11114 | Abyss:3  | HP: 5/132 [poison (poison gas)]
 11121 | Abyss:3  | HP: 4/132 [chaos spawn (8)]
 11122 | Abyss:3  | Noticed a tentacled starspawn
 11122 | Abyss:3  | Slain by a chaos spawn

Illustrated notes

Levels and vault maps discovered:
D:1:      lightli_arrival_lavapool, layout_basic, bh_walls_and_bars
D:2:      layout_loops_ring, minmay_ruptured
D:3:      layout_loops_ring, grunt_gozag_breadcrumbs, first_ration,
          gammafunk_ghost_nasty_kobolds
D:4:      layout_loops_ring, eino_curves_01
D:5:      layout_loops_corners, serial_shops, nicolae_shop_stone
D:6:      layout_layer_cave, portal_sewer_entry_b
D:7:      layout_rooms, minmay_temple_entry_wispy, uniq_duvessa
D:8:      layout_loops_corners
D:9:      layout_basic, zombieorc2_lemuel, serial_shops, nicolae_shop_stone,
          gammafunk_ghost_grave, blue_anna_alchemist [blue_anna_fruit_fields,
          blue_anna_fruit_fields]
D:10:     layout_long_grid
D:11:     layout_basic, erik_lair_island, cheibriados_altar_1
D:12:     layout_loops_cross, tso_metal_star
D:13:     minmay_shrinking_squares, layout_irregular_city, serial_shops,
          kennysheep_mini_moat, kennysheep_generic_room_16
D:14:     lemuel_upstairs_altar, layout_loops_ring,
          hangedman_vaults_entry_quadrant_bands
D:15:     grunt_enter_depths_giant_problem, layout_basic, minmay_misc_feat_room,
          uniq_josephine, uniq_jorgrun, uniq_louise, uniq_azrael
Temple:   nicolae_temple_the_god_donut
Lair:1:   layout_roguey, nzn_random_ring, lemuel_fruit_tree
Lair:2:   layout_chaotic_city, minmay_swamp_entry_wisps, serial_bayou_shore_a,
          uniq_erica
Lair:3:   layout_regular_city, lemuel_fruit_fields, grunt_megastairs_5,
          serial_bayou_shore_b, uniq_sonja
Lair:4:   layout_hall_layers, spider_nest_entry_webs, basic_altar, minivault_25,
          grunt_megastairs_1
Abyss:3:  base: D:13, nicolae_abyss_rune_left_handed

Skill      XL: |  1  2  3  4  5  6  7  8  9 10 11 12 13 |
---------------+----------------------------------------+-----
Axes           | 3 4 5 6 8 10 11 12 14 15 | 15.5
Fighting       | 3 4 5 6 7 8 9 10 | 10.1
Armour         | 4 5 6 7 8 9 10 11 | 11.7
Shields        | 4 5 6 7 8 9 10 11 | 11.6
Invocations    | 4 6 8 10 11 | 11.5

Action                   |  1- 3 |  4- 6 |  7- 9 | 10-12 | 13-15 || total
-------------------------+-------+-------+-------+-------+-------++-------
Melee: War axe           |    73 |    92 |   411 |  1020 |   429 ||  2025
Invok: Lesser Servant of |       |       |       |    18 |     4 ||    22
 Abil: Heal Wounds       |     1 |     3 |    18 |    26 |    29 ||    77
Evoke: Wand              |       |       |     2 |     2 |     2 ||     6
  Use: Scroll            |       |     3 |       |    21 |     4 ||    28
       Potion            |       |       |       |       |    12 ||    12
 Stab: Distracted        |       |       |       |     1 |     1 ||     2
       Paralysed         |       |       |       |     1 |       ||     1
       Confused          |       |       |       |       |     2 ||     2
  Eat: Ration            |       |     2 |     3 |     2 |       ||     7
       Chunk             |       |       |    11 |    18 |     2 ||    31
Armor: Scale mail        |    43 |    22 |       |       |       ||    65
       Chain mail        |       |    40 |   222 |    78 |       ||   340
       Plate armour      |       |       |       |   666 |   304 ||   970
       Skin              |       |       |       |       |    33 ||    33
Dodge: Dodged            |    35 |    27 |    95 |   260 |    91 ||   508
Block: Kite shield       |    52 |    56 |   257 |   793 |   331 ||  1489

Table legend:
 A = Non-vault XP
 B = Vault XP
 C = Vault XP percentage of total XP
 D = Non-vault monster count
 E = Vault monster count
 F = Vault count percentage of total count
                 A         B        C        D         E       F
            +---------+---------+-------+---------+---------+-------
      Total |   51001 |   16234 |  24.1 |     346 |      89 |  20.5
            +---------+---------+-------+---------+---------+-------
        D:1 |      18 |       0 |   0.0 |       9 |       0 |   0.0
        D:2 |      33 |       0 |   0.0 |       7 |       0 |   0.0
        D:3 |      19 |       0 |   0.0 |       3 |       0 |   0.0
        D:4 |     332 |       0 |   0.0 |      18 |       0 |   0.0
        D:5 |     979 |       0 |   0.0 |      25 |       0 |   0.0
        D:6 |     269 |      30 |  10.0 |       3 |       8 |  72.7
        D:7 |    1118 |     217 |  16.3 |      29 |       2 |   6.5
        D:8 |    2101 |       0 |   0.0 |      29 |       0 |   0.0
        D:9 |    1679 |     899 |  34.9 |      24 |      37 |  60.7
       D:10 |    2833 |       0 |   0.0 |      37 |       0 |   0.0
       D:11 |    4839 |     630 |  11.5 |      45 |       8 |  15.1
       D:12 |      45 |       0 |   0.0 |       1 |       0 |   0.0
       D:13 |     195 |       0 |   0.0 |       5 |       0 |   0.0
       D:14 |    2094 |       0 |   0.0 |      14 |       0 |   0.0
       D:15 |   18805 |    7527 |  28.6 |      39 |      13 |  25.0
     Lair:1 |     943 |       0 |   0.0 |       4 |       0 |   0.0
     Lair:2 |    7439 |    1715 |  18.7 |      31 |       6 |  16.2
     Lair:3 |    1992 |    2577 |  56.4 |       9 |       7 |  43.8
     Lair:4 |    4417 |    1061 |  19.4 |      12 |       6 |  33.3
    Abyss:3 |     851 |    1578 |  65.0 |       2 |       2 |  50.0
            +---------+---------+-------+---------+---------+-------
